 Dungeon Crawl Stone Soup version 0.30-a0-55-g90e3122c3a (webtiles) character file.

Game seed: 6515494785610657288

84 pascalblue the Stinger (level 4, -1/24 HPs)
             Began as a Deep Elf Venom Mage on Sept 9, 2022.
             Slain by Grinder (6 damage)
             ... while paralysed by Grinder
             ... on level 3 of the Dungeon.
             The game lasted 00:07:06 (2762 turns).

pascalblue the Stinger (Deep Elf Venom Mage)        Turns: 2762, Time: 00:07:07

Health: -1/24      AC:  3    Str:  5    XL:     4   Next: 23%
Magic:  9/12       EV:  2    Int: 22    God:
Gold:   135        SH:  0    Dex: 21    Spells: 8/11 levels left

rFire   . . .      SeeInvis .    h - +2 whip (freeze)
rCold   . . .      Faith    .    (no shield)
rNeg    . . .      Spirit   .    a - +0 robe
rPois   .          Reflect  .    (no helmet)
rElec   .          Harm     .    (no cloak)
rCorr   .          Rampage  .    n - +0 pair of gloves
Will    .....                    (no boots)
Stlth   ++........               (no amulet)
HPRegen 0.08/turn                g - +6 ring of dexterity
MPRegen 0.13/turn                (no ring)

@: paralysed
A: no striking features
a: no special abilities


You were on level 3 of the Dungeon.
You visited 1 branch of the dungeon, and saw 3 of its levels.

You collected 135 gold pieces.

Inventory:

Hand Weapons
 f - a +0 dagger
 h - a +2 whip of freezing (weapon)
Missiles
 d - 7 poisoned darts
 m - 4 curare-tipped darts
Armour
 a - a +0 robe (worn)
 n - a +0 pair of gloves (worn)
Jewellery
 g - a +6 ring of dexterity (left hand)
 k - a ring of positive energy
Scrolls
 c - 2 scrolls of teleportation
 l - 2 scrolls of identify
 q - a scroll of magic mapping
Potions
 b - a potion of magic
 e - 3 potions of heal wounds
 i - 4 potions of curing {unknown}
 j - a potion of berserk rage {unknown}
 o - a potion of brilliance {unknown}
 p - a potion of haste {unknown}


   Skills:
 - Level 2.4 Dodging
 - Level 2.4 Stealth
 + Level 4.0 Spellcasting
 + Level 2.3 Transmutations
 * Level 4.6 Poison Magic


You had 8 spell levels left.
You knew the following spells:

 Your Spells              Type           Power      Damage    Failure   Level
a - Sting                 Tmut/Pois      76%        1d6       2%          1
b - Poisonous Vapours     Pois/Air       28%        N/A       7%          2

Your spell library contained the following spells:

 Spells                   Type           Power      Damage    Failure   Level
 Olgreb's Toxic Radiance  Pois           24%        N/A       17%         4
 Mephitic Cloud           Conj/Pois/Air  11%        N/A       19%         3


Dungeon Overview and Level Annotations

Branches:
Dungeon (3/15)

Altars:
Uskayaw

Annotations:
D:3 Grinder


Message History

Aiming: Sting (safe; 2% risk of failure)
Press: ? - help, Shift-Dir - straight line, f - jackal
Aim: a jackal (67% to hit)
The sting hits the jackal.
The jackal is poisoned.
The jackal is moderately wounded.
The jackal barely misses you.
You kill the jackal!
Casting: Sting (safe; 2% risk of failure)
Confirm with . or Enter, or press ? or * to list all spells.
Aiming: Sting (safe; 2% risk of failure)
Press: ? - help, Shift-Dir - straight line, f - Grinder
Aim: Grinder (71% to hit)
The sting hits Grinder but does no damage.
Grinder is poisoned.
Grinder blinks!
A quokka comes into view.
Grinder gestures at you. Pain shoots through your body!
* * * LOW HITPOINT WARNING * * *
Casting: Sting (safe; 2% risk of failure)
Confirm with . or Enter, or press ? or * to list all spells.
Aiming: Sting (safe; 2% risk of failure)
Press: ? - help, Shift-Dir - straight line, f/p - Grinder
Aim: Grinder (lightly wounded, poisoned, 71% to hit)
The sting misses Grinder.
Grinder looks more healthy.
A jackal comes into view.
Grinder says, "DUCK!"
Casting: Sting (safe; 2% risk of failure)
Confirm with . or Enter, or press ? or * to list all spells.
Aiming: Sting (safe; 2% risk of failure)
Press: ? - help, Shift-Dir - straight line, f/p - Grinder
Aim: Grinder (lightly wounded, 71% to hit)
The sting hits Grinder.
Grinder partially resists.
Grinder is poisoned.
Grinder is lightly wounded.
Grinder gestures at you.
You suddenly lose the ability to move!
Grinder hits you.
* * * LOW HITPOINT WARNING * * *
You writhe in agony.
You die...

#####.........
#.........####
#........†# .#
#.........# .#
#.........# .# #
#.........######.# #.#
#####..h.(.......#....
##.5............#
#.@............+
#......!.......#
#..............<.
#...............#
#................
#..............##
#..............+
#..............#
..)............#


You could see Grinder (poisoned) and a jackal.

Vanquished Creatures
  2 adders (D:2)
  A worm (D:2)
  3 dart slugs
  3 ball pythons
  4 endoplasms
  4 giant cockroaches
  9 hobgoblins
  8 jackals
  3 kobolds
  A quokka (D:1)
  4 bats
  4 goblins
  2 rats
48 creatures vanquished.

Notes
Turn   | Place    | Note
-------+----------+-------------------------------------------
     0 | D:1      | pascalblue the Deep Elf Venom Mage began the quest for the
                  | Orb.
     0 | D:1      | Reached XP level 1. HP: 10/10 MP: 6/6
   302 | D:1      | Reached XP level 2. HP: 15/15 MP: 6/8
   310 | D:1      | Learned a level 2 spell: Poisonous Vapours
  1074 | D:1      | Found a faded altar of an unknown god.
  1445 | D:2      | Reached XP level 3. HP: 17/19 MP: 8/10
  2185 | D:2      | Reached XP level 4. HP: 11/24 MP: 6/11
  2656 | D:3      | Found a hide-covered altar of Uskayaw.
  2743 | D:3      | Noticed Grinder
  2760 | D:3      | Paralysed by Grinder for 4 turns
  2762 | D:3      | Slain by Grinder

Illustrated notes

Levels and vault maps discovered:
D:1:      nagdon_arrival_double_spiral, layout_basic,
          dilly_ecumenical_altar_fadedgnrine
D:2:      layout_loops_ring
D:3:      layout_basic, grunt_temple_overflow_growth_and_decay,
          mainiacjoe_overflow_concentric_impassable, uniq_grinder

Skill      XL: |  1  2  3  4 |
---------------+-------------+-----
Poison Magic   | 4 |  4.6
Transmutations | 2 |  2.3
Spellcasting   | 4 |  4.0
Dodging        | |  2.4
Stealth        | |  2.4

Action                   |  1- 3 |  4- 6 || total
-------------------------+-------+-------++-------
Melee: Dagger            |     2 |       ||     2
       Whip              |     3 |     3 ||     6
 Cast: Sting             |    61 |    18 ||    79
  Use: Scroll            |     7 |       ||     7
       Potion            |     1 |       ||     1
Armor: Robe              |    11 |     5 ||    16
Dodge: Dodged            |    51 |    14 ||    65

Table legend: (Time is in decaauts)
 A = Elapsed time spent in this place.
 B = Non-inter-level travel time spent in this place.
 C = Inter-level travel time spent in this place.
 D = Time resting spent in this place.
 E = Time spent auto-exploring this place.
 F = Levels seen in this place.
 G = Mean time per level.
                   A        B        C        D        E       F      G
               +--------+--------+--------+--------+--------+-----+--------+
         Total |   2760 |   2689 |     71 |      0 |   2050 |   3 |  920.0 |
       Dungeon |   2760 |   2689 |     71 |      0 |   2050 |   3 |  920.0 |
               +--------+--------+--------+--------+--------+-----+--------+

Top non-repeatable levels by time:
     D:2: 1431 daAuts
     D:1: 1223 daAuts
     D:3: 105 daAuts
